 Dungeon Crawl Stone Soup version 0.17.2 (webtiles) character file.

16 Charly the Insei (level 2, -3/14 HPs)
             Began as a Vine Stalker Transmuter on May 9, 2016.
             Slain by Grinder (5 damage)
             ... on level 5 of the Dungeon.
             The game lasted 00:08:43 (442 turns).

Charly the Insei (Vine Stalker Transmuter)           Turns: 442, Time: 00:08:44

Health: -3/14      AC: 10    Str: 12    XL:     2   Next: 58%
Magic:  0/6        EV: 14    Int: 13    God:
Gold:   13         SH:  0    Dex: 14    Spells: 2 memorised, 2 levels left

rFire  + . .     SeeInvis +       - Unarmed
rCold  + . .     Clarity  .     i - +1 scale mail "Diucei" {*Corrode +Fly SInv}
rNeg   . . .     SustAt   .     (no shield)
rPois  +         Gourm    .     (no helmet)
rElec  +         Spirit   +     (no cloak)
rCorr  +         Warding  .     (no gloves)
rMut   .         Stasis   .     (no boots)
MR     .....                    (no amulet)
Stlth  ..........               m - +3 ring of protection
                                h - +5 ring of evasion

@: resistant, not resistant to hostile enchantments, extremely unstealthy
A: fangs 2, regeneration 1, magic shield, antimagic bite, no device heal 3, rot
immunity
a: Evoke Flight


You were on level 5 of the Dungeon.
You were not hungry.

You visited 1 branch of the dungeon, and saw 5 of its levels.

You collected 13 gold pieces.

Inventory:

Missiles
 a - 10 arrows
Armour
 b - a +0 robe
 i - the +1 scale mail "Diucei" (worn) {*Corrode +Fly SInv}
   (You found it on level 5 of the Dungeon)

   It lets you see invisible.
   It lets you fly.
   It may corrode your equipment when you take damage.
Jewellery
 h - a +5 ring of evasion (left hand)
 m - a +3 ring of protection (right hand)
Wands
 l - a wand of random effects (13)
Potions
 k - a potion of beneficial mutation {unknown}
Books
 c - a book of Changes

   Spells                             Type                      Level
   a - Beastly Appendage              Transmutation                1
   b - Sticks to Snakes               Transmutation                2
   c - Spider Form                    Transmutation/Poison         3
   d - Ice Form                       Ice/Transmutation            4
   e - Blade Hands                    Transmutation                5
Comestibles
 d - a bread ration


   Skills:
 - Level 0.8 Fighting
 - Level 1.5 Dodging
 + Level 3.4 Unarmed Combat
 - Level 2.1 Spellcasting
 + Level 2.6 Transmutations


You had 2 spell levels left.
You knew the following spells:

 Your Spells              Type           Power        Failure   Level  Hunger
a - Beastly Appendage     Trmt           #.....       52%         1    ##.....
s - Sticks to Snakes      Trmt           #.........   77%         2    ###....


Dungeon Overview and Level Annotations

Branches:
Dungeon (5/15)
 Temple: D:4-7

Altars:

Annotations:
D:5 Grinder


Innate Abilities, Weirdness & Mutations

You have extremely sharp teeth.
Your natural rate of healing is unusually fast.
When hurt, damage is shared between your health and your magic reserves.
Your bite disrupts and absorbs the magic of your enemies.
Potions and wands cannot restore your health.
You are immune to rotting.


Message History

You barely resist.
Read which item? (? for menu, Esc to quit)
As you read the scroll labeled BEDIAF CYERIO, it crumbles to dust.
Your hands glow shining lime green for a moment.
It was a scroll of random uselessness.
Grinder hits you but does no damage.
Drop what? 11/52 slots (_ for help) (? for menu, Esc to quit)
Okay, then.
Drink which item? (? for menu, Esc to quit)
It was a potion of resistance.
You feel protected. Grinder closely misses you.
Press: ? - help, v - describe, . - travel
Here: Grinder The floor.
Unknown command.
Drink which item? (? for menu, Esc to quit)
It was a potion of heal wounds.
That seemed strangely inert.
Grinder hits you!
* * * LOW HITPOINT WARNING * * *
You writhe in agony.
You die...

##.......##
##.#.#
##.....##
###.#
##...## .#
##'## ..
#.# #. #.#
######)##
#.......##
#.##....@#
#......5#
#.........
#......%###
###...###
#...# ##.##
#. .


You could see Grinder.

Vanquished Creatures
  A worm (D:2)
  A giant gecko (D:2)
  A bat (D:1)
  5 jackals
  A kobold (D:2)
  A ball python (D:4)
  A goblin (D:2)
  2 rats (D:1)
13 creatures vanquished.

Notes
Turn   | Place    | Note
--------------------------------------------------------------
     0 | D:1      | Charly the Vine Stalker Transmuter began the quest for the Orb.
     0 | D:1      | Reached XP level 1. HP: 9/9 MP: 4/4
    96 | D:2      | Reached XP level 2. HP: 14/14 MP: 6/6
   103 | D:2      | Learned a level 2 spell: Sticks to Snakes
   228 | D:4      | Noticed an ogre
   247 | D:5      | Entered Level 5 of the Dungeon
   255 | D:5      | Got a crude scale mail
   266 | D:5      | Identified the +1 scale mail "Diucei" {*Corrode +Fly SInv} (You found it on level 5 of the Dungeon)
   271 | D:5      | Noticed Grinder
   290 | D:4      | Noticed an ogre
   432 | D:5      | Paralysed by Grinder for 7 turns
   442 | D:5      | Slain by Grinder

Action                   || total
-------------------------++-------
Melee: Unarmed           ||    46
 Cast: Sticks to Snakes  ||     2
  Use: Scroll            ||     2
       Potion            ||     2
 Stab: Distracted        ||     1
